 Dungeon Crawl Stone Soup version 0.19.5 (webtiles) character file.

122 snowfan the Magician (level 4, -8/24 HPs)
             Began as a Deep Elf Wizard on May 12, 2017.
             Mangled by Sigmund
             ... wielding a +0 scythe
              (10 damage)
             ... on level 2 of the Dungeon.
             The game lasted 00:07:48 (2223 turns).

snowfan the Magician (Deep Elf Wizard)              Turns: 2223, Time: 00:07:49

Health: -8/24      AC:  5    Str:  4    XL:     4   Next: 78%
Magic:  9/12       EV: 14    Int: 24    God:
Gold:   63         SH:  0    Dex: 13    Spells: 5 memorised, 0 levels left

rFire  . . .     SeeInvis .     i - +0 short sword
rCold  . . .     Gourm    .     l - +1 animal skin
rNeg   . . .     Faith    .     (no shield)
rPois  .         Spirit   .     b - +0 hat
rElec  .         Reflect  .     (no cloak)
rCorr  .         Harm     .     (no gloves)
MR     +....                    (no boots)
Stlth  +.........               (no amulet)
                                (no ring)
                                (no ring)

@: confused
A: thin metallic scales 1, deterioration 1, magic resistance 1
a: no special abilities


You were on level 2 of the Dungeon.
You were not hungry.

You visited 1 branch of the dungeon, and saw 2 of its levels.

You collected 63 gold pieces.

Inventory:

Hand Weapons
 i - a +0 short sword (weapon)
Missiles
 g - 64 stones (quivered)
Armour
 b - a +0 hat (worn)
 l - a +1 animal skin (worn)
Wands
 f - a wand of flame (11/48)
Scrolls
 e - a scroll of identify {unknown}
Potions
 j - a potion of curing {unknown}
Books
 c - a book of Minor Magic

   Spells                             Type                      Level
   a - Magic Dart                     Conjuration                  1
   b - Blink                          Translocation                2
   c - Call Imp                       Summoning                    2
   d - Repel Missiles                 Charms/Air                   2
   e - Slow                           Hexes                        2
   f - Conjure Flame                  Conjuration/Fire             3
   g - Mephitic Cloud                 Conjuration/Poison/Air       3
Comestibles
 d - 2 bread rations
 k - 2 chunks of flesh


   Skills:
 + Level 3.8 Dodging
 - Level 2.4 Stealth
 - Level 4.4 Spellcasting
 * Level 4.3 Conjurations
   Level 1.1 Summonings
 - Level 1.1 Translocations


You couldn't memorise any spells.
You knew the following spells:

 Your Spells              Type           Power        Failure   Level  Hunger
a - Magic Dart            Conj           ####         1%          1    None
c - Mephitic Cloud        Conj/Pois/Air  ##......     17%         3    ##.....
d - Conjure Flame         Conj/Fire      ###.....     14%         3    ##.....
m - Repel Missiles        Chrm/Air       #.....       14%         2    None
q - Blink                 Tloc           N/A          12%         2    None


Dungeon Overview and Level Annotations

Branches:
Dungeon (2/15)

Altars:
Gozag
Xom

Annotations:
D:2 Sigmund


Innate Abilities, Weirdness & Mutations

You are partially covered in thin metallic scales. (AC +2)
Your body sometimes deteriorates upon taking damage.
You are resistant to hostile enchantments. (MR+)


Message History

Casting: Magic Dart
Confirm with . or Enter, or press ? or * to list all spells.
Aiming: Magic Dart
Press: ? - help, Shift-Dir - straight line The magic dart hits something.
You hear some strange, mumbled words.
You are confused.
You're too confused to cast spells.
You bump into the rock wall.
You're too confused to move!
Something hits you!
Ouch! That really hurt!
You bump into the rock wall.
You bump into the rock wall.
Something hits you!
* * * LOW HITPOINT WARNING * * *
It was a potion of mutation.
You feel extremely strange.
You feel resistant to hostile enchantments.
You feel yourself wasting away.
Thin metallic scales grow over part of your body.
Something hits you!
You die...

#.................# #.#
#....#........#..... #.#
#....#.#####..#...### #.#
#........###..#...# #.#
#.............#...# #.# 8#
....#......##...# #.# .##
###.##.....##...#### #.###
.8 #......#......[...#...#
.# #.####.#@# #.###.# 8 ###
#.######.# #.# #.# # #.#
#........# #.# #.# ###.#
########## ### #.###.# ##.##
..###.#...# ...#
########.#...#.### ##.#
#......#.#.#...#
#.#......####.####.#.#.#.###
#.#.......#...##<#.#.#.#.#


There were no monsters in sight!

Vanquished Creatures
  Robin (D:2)
  4 adders (D:2)
  An ooze (D:1)
  A worm (D:2)
  3 dart slugs
  2 leopard geckos (D:1)
  3 giant cockroaches
  11 goblins
  12 hobgoblins
  4 jackals (D:1)
  6 kobolds
  4 bats (D:1)
  A frilled lizard (D:1)
  7 rats
60 creatures vanquished.

Notes
Turn   | Place    | Note
-------+----------+-------------------------------------------
     0 | D:1      | snowfan the Deep Elf Wizard began the quest for the Orb.
     0 | D:1      | Reached XP level 1. HP: 10/10 MP: 7/7
   169 | D:1      | Reached XP level 2. HP: 10/15 MP: 0/9
   608 | D:1      | Reached XP level 3. HP: 19/19 MP: 6/10
  1267 | D:2      | Found a shimmering altar of Xom.
  1480 | D:2      | Reached XP level 4. HP: 13/24 MP: 7/12
  1654 | D:2      | Found an opulent altar of Gozag.
  1949 | D:2      | Noticed Robin
  1965 | D:2      | Killed Robin
  2139 | D:2      | Learned a level 2 spell: Repel Missiles
  2142 | D:2      | Learned a level 2 spell: Blink
  2146 | D:2      | Learned a level 3 spell: Conjure Flame
  2150 | D:2      | Learned a level 3 spell: Mephitic Cloud
  2215 | D:2      | Noticed Sigmund
  2223 | D:2      | Gained mutation: You are resistant to hostile enchantments. (MR+) [potion of mutation]
  2223 | D:2      | Gained mutation: Your body sometimes deteriorates upon taking damage. [potion of mutation]
  2223 | D:2      | Gained mutation: You are partially covered in thin metallic scales. (AC +2) [potion of mutation]
  2223 | D:2      | Mangled by Sigmund

Skill      XL: |  1  2  3  4 |
---------------+-------------+-----
Conjurations   | 2 3 4 |  4.3
Dodging        | 3 |  3.8
Stealth        | |  2.4
Spellcasting   | |  4.4
Summonings     | |  1.1
Translocations | |  1.1

Action                   |  1- 3 |  4- 6 || total
-------------------------+-------+-------++-------
Melee: Short sword       |     7 |    17 ||    24
 Cast: Magic Dart        |    90 |    45 ||   135
  Use: Potion            |       |     1 ||     1
 Stab: Sleeping          |     2 |       ||     2
  Eat: Chunk             |     2 |     2 ||     4
Armor: Robe              |     2 |     2 ||     4
Dodge: Dodged            |    11 |    11 ||    22
